 Dungeon Crawl Stone Soup version 0.26-a0-1038-gfb849e850a (webtiles) character file.

Game seed: 2361826822160455172

165 Alado the Skirmisher (level 5, -2/70 HPs)
             Began as a Draconian Abyssal Knight on Dec 11, 2020.
             Was a Believer of Lugonu.
             Slain by a gnoll
             ... wielding a +0 spear
              (5 damage)
             ... on level 3 of the Dungeon.
             The game lasted 00:19:24 (1838 turns).

Alado the Skirmisher (Draconian Abyssal Knight)     Turns: 1838, Time: 00:19:25

Health: -2/70      AC:  5    Str: 12 (15) XL:     5   Next: 22%
Magic:  6/6        EV: 12    Int: 17 (18) God:    Lugonu [**....]
Gold:   146        SH:  0    Dex: 11      Spells: 4/4 levels left

rFire    . . .     SeeInvis .   a - +3 spear
rCold    . . .     Faith    .   (no shield)
rNeg     . . .     Spirit   .   (armour unavailable)
rPois    .         Reflect  .   (helmet restricted)
rElec    .         Harm     .   (no cloak)
rCorr    .         Rampage  .   (no gloves)
Will     .....                  (no boots)
Stlth    ..........             (no amulet)
HPRegen  0.21/turn              f - +6 ring of intelligence
MPRegen  0.10/turn              (no ring)

@: berserking (expiring), very quick
A: unfitting armour, cold-blooded, AC +5
a: Depart the Abyss, Bend Space, Renounce Religion


You were on level 3 of the Dungeon.
You worshipped Lugonu.
Lugonu was pleased with you.
You visited 1 branch of the dungeon, and saw 3 of its levels.
You visited the Abyss 1 time.

You collected 146 gold pieces.

Inventory:

Hand Weapons
 a - a +3 spear (weapon)
 b - a +1 hunting sling of flaming
Jewellery
 e - an uncursed amulet of magic regeneration {unknown}
 f - a +6 ring of intelligence (left hand)
Scrolls
 d - a scroll of remove curse
Potions
 c - a potion of curing


   Skills:
 + Level 4.5 Fighting
 + Level 3.6 Polearms
 + Level 1.1 Throwing
 + Level 2.7 Dodging
 + Level 0.7 Stealth
 + Level 2.1 Invocations


You had 4 spell levels left.
You didn't know any spells.
Your spell library was empty.

Dungeon Overview and Level Annotations

Branches:
Dungeon (3/15)

Altars:


Innate Abilities, Weirdness & Mutations

Your plain brown scales are hard. (AC +5)
You cannot fit into any form of body armour.
You are cold-blooded and may be slowed by cold attacks.


Message History

The gnoll hits you from afar with a +0 spear.
* * * LOW HITPOINT WARNING * * *
Reach: a) +3 spear
Press: ? - help, Dir - move target, f/p - gnoll
Aim: a gnoll You reach to attack!
You barely miss the gnoll. The gnoll hits you but does no damage.
You puncture the gnoll! You tail-slap the gnoll.
You kill the gnoll!
Lugonu accepts your kill.
Reach: a) +3 spear
Press: ? - help, Dir - move target, f - gnoll
Aim: a gnoll, wielding a +0 spear You reach to attack!
You barely miss the gnoll. The gnoll closely misses you.
Reach: a) +3 spear
Press: ? - help, Dir - move target, f/p - gnoll
Aim: a gnoll, wielding a +0 spear You reach to attack!
You barely miss the gnoll.
The gnoll hits you from afar with a +0 spear.
You die...

#.......# #..
##......## ..
#..
##........##..
..##### #.#
#.......>....
.......##.#
#....).....#
#.."...
#....†....<#
#......
#...)†...###
#......
#.......##.#
#.##...
##.....g†@#.#
...#..#.
#......)####.#
##.......
#........ ##
#........
#.........
.........
#.........h
..........
#...........
...######
##........#=.
... ##
#.......##...
.. #.


You could see a gnoll.

Vanquished Creatures
  3 gnolls (D:3)
  4 adders (D:2)
  2 oozes
  2 worms
  A dart slug (D:1)
  4 leopard geckos
  4 orcs (D:3)
  2 giant cockroaches
  10 goblins
  9 hobgoblins
  4 jackals
  10 kobolds
  2 ball pythons
  9 bats
  5 frilled lizards
  3 rats
74 creatures vanquished.

Vanquished Creatures (others)
  5 toadstools (D:1)
5 creatures vanquished.

Grand Total: 79 creatures vanquished

Notes
Turn   | Place    | Note
-------+----------+-------------------------------------------
     0 | Abyss:1  | Alado the Draconian Abyssal Knight began the quest for the
                  | Orb.
     0 | Abyss:1  | Reached XP level 1. HP: 19/19 MP: 2/2
     0 | D:1      | Escaped the Abyss
   203 | D:1      | Reached XP level 2. HP: 27/27 MP: 3/3
   262 | D:1      | Reached * piety under Lugonu
   263 | D:1      | Reached skill level 4 in Fighting
   481 | D:1      | Reached XP level 3. HP: 33/33 MP: 4/4
   856 | D:2      | Reached skill level 1 in Throwing
   887 | D:2      | Reached XP level 4. HP: 6/40 MP: 5/5
   906 | D:2      | HP: 2/40 [poisoned by an adder]
  1536 | D:3      | Reached ** piety under Lugonu
  1831 | D:3      | Reached XP level 5. HP: 13/47 MP: 6/6
  1834 | D:3      | HP: 3/70 [gnoll/+0 spear (5)]
  1838 | D:3      | Slain by a gnoll

Illustrated notes

Levels and vault maps discovered:
D:1:      ldierk_walled_garden, layout_basic
D:2:      layout_rooms
D:3:      layout_rooms, minitemple, chequers_ecumenical_altar_twisty

Skill      XL: |  1  2  3  4 |
---------------+-------------+-----
Fighting       | 4 |  4.5
Throwing       | 1 |  1.1
Polearms       | 3 |  3.6
Dodging        | |  2.7
Stealth        | |  0.7
Invocations    | |  2.1

Action                   |  1- 3 |  4- 6 || total
-------------------------+-------+-------++-------
Melee: Spear             |   120 |   135 ||   255
       Tailslap          |    10 |     6 ||    16
Throw: Boomerang         |     8 |       ||     8
Invok: Depart the Abyss  |     1 |       ||     1
  Use: Scroll            |     1 |     7 ||     8
       Potion            |     1 |     5 ||     6
 Stab: Sleeping          |     2 |     1 ||     3
Armor: Skin              |    21 |    43 ||    64
Dodge: Dodged            |    52 |    91 ||   143

Table legend: (Time is in decaauts)
 A = Elapsed time spent in this place.
 B = Non-inter-level travel time spent in this place.
 C = Inter-level travel time spent in this place.
 D = Time resting spent in this place.
 E = Time spent auto-exploring this place.
 F = Levels seen in this place.
 G = Mean time per level.
                   A        B        C        D        E       F      G
               +--------+--------+--------+--------+--------+-----+--------+
         Total |   1842 |   1810 |     32 |    347 |    908 |   4 |  460.5 |
       Dungeon |   1842 |   1810 |     32 |    347 |    908 |   3 |  614.0 |
         Abyss |      0 |      0 |      0 |      0 |      0 |   1 |    0.0 |
               +--------+--------+--------+--------+--------+-----+--------+

Top non-repeatable levels by time:
     D:2: 828 daAuts
     D:1: 704 daAuts
     D:3: 309 daAuts
